[Event "ICCopen2017"]
[Site "Internet Chess Club"]
[Date "2017.03.26"]
[Round "10"]
[White "king-lear"]
[Black "ChessOptimist"]
[Result "0-1"]
[ICCResult "White resigns"]
[WhiteElo "1919"]
[BlackElo "2045"]
[Opening "Dutch defense"]
[ECO "A81"]
[NIC "HD.12"]
[Time "20:52:21"]
[TimeControl "180+0"]

1. d4 f5 2. g3 Nf6 3. Bg2 g6 4. b3 Bg7 5. Bb2 O-O 6. Nd2 d5 7. Nh3 c6 8. O-O
Qe8 9. Nf4 g5 10. Nd3 Nbd7 11. c4 e6 12. e3 h6 13. a4 Ne4 14. Nf3 Rf6 15.
Nfe5 h5 16. Ba3 Rh6 17. f3 Nef6 18. a5 g4 19. a6 h4 20. fxg4 Nxg4 21. Nxg4
fxg4 22. Qxg4 hxg3 23. hxg3 bxa6 24. Nf4 e5 25. dxe5 Nxe5 26. Qg5 Kh8 27.
cxd5 cxd5 28. Rad1 Rb8 29. Rxd5 Bb7 30. Rd6 Rxd6 31. Bxd6 Bxg2 32. Kxg2 Qc6+
33. e4 Qxd6 34. Rh1+ Kg8 35. Nh5 Qg6 36. Qxg6 Nxg6 {White resigns} 0-1

[Event "ICCopen2017"]
[Site "Internet Chess Club"]
[Date "2017.03.26"]
[Round "10"]
[White "snaillike"]
[Black "chesscomet"]
[Result "0-1"]
[ICCResult "White forfeits on time"]
[WhiteElo "1199"]
[BlackElo "1456"]
[Opening "Pirc: Ufimtsev-Pytel variation"]
[ECO "B07"]
[NIC "QP.07"]
[Time "20:52:36"]
[TimeControl "180+0"]

1. d4 Nf6 2. Nc3 d6 3. e4 c6 4. f4 Qa5 5. Bd2 e5 6. fxe5 dxe5 7. dxe5 Ng4 8.
Be2 Nxe5 9. Nf3 Nxf3+ 10. Bxf3 Be7 11. O-O Qb6+ 12. Kh1 Qxb2 13. Bh5 Be6 14.
Qf3 O-O 15. e5 Qxc2 16. Rad1 g6 17. Qg3 Rd8 18. Rf2 Rxd2 19. Rfxd2 Qf5 20.
Bg4 Qxg4 21. Qxg4 Bxg4 22. Rf1 Be6 23. Ne4 Nd7 24. Nf6+ Bxf6 25. exf6 Re8
26. Re1 Nxf6 27. h3 Bd5 28. Rf1 Ne4 29. Rd3 Bc4 30. Rdf3 Bxf1 31. Rxf1 Ng3+
32. Kg1 Nxf1 33. Kxf1 Kg7 34. Kf2 Kf6 35. Kf3 Kf5 36. g4+ Ke5 37. h4 h6 38.
a4 g5 39. a5 Kd4 40. h5 Re3+ 41. Kf2 Kd3 42. a6 Kd2 43. axb7 Rb3
{White forfeits on time}
0-1

[Event "ICCopen2017"]
[Site "Internet Chess Club"]
[Date "2017.03.26"]
[Round "10"]
[White "ShiningArmor"]
[Black "julkat-ch"]
[Result "0-1"]
[ICCResult "White checkmated"]
[WhiteElo "1528"]
[BlackElo "1803"]
[Opening "Sicilian defense"]
[ECO "B20"]
[NIC "SI.48"]
[Time "20:52:26"]
[TimeControl "180+0"]

1. e4 c5 2. d3 e6 3. h3 Nc6 4. Nf3 a6 5. Be2 b5 6. c3 Bb7 7. O-O Qc7 8. Nh2
d6 9. f4 Nf6 10. a3 Be7 11. Qe1 d5 12. e5 Nd7 13. Nf3 g6 14. d4 cxd4 15.
cxd4 Qb6 16. Be3 Na5 17. Nbd2 Nc4 18. Nxc4 bxc4 19. b4 cxb3 20. Rb1 a5 21.
a4 Bc6 22. Bb5 Bxb5 23. axb5 a4 24. f5 gxf5 25. Bh6 Rg8 26. Qd2 a3 27. Ng5
Bxg5 28. Bxg5 Qxb5 29. Rfc1 a2 30. Qb2 axb1=Q 31. Rxb1 Rxg5 32. Qd2 Rg6 33.
Qc3 Rb8 34. Rb2 Qc4 35. Qd2 Nb6 36. Kh2 Na4 37. Rb1 b2 38. Qa5 Qc2 39. Rg1
b1=Q 40. Rxb1 Qxg2# {White checkmated} 0-1

[Event "ICCopen2017"]
[Site "Internet Chess Club"]
[Date "2017.03.26"]
[Round "10"]
[White "kingmate"]
[Black "Sophiste"]
[Result "0-1"]
[ICCResult "White resigns"]
[WhiteElo "2538"]
[BlackElo "3118"]
[Opening "Alekhine's defense: modern, fianchetto variation"]
[ECO "B04"]
[NIC "AL.04"]
[Time "20:52:30"]
[TimeControl "180+0"]

1. e4 Nf6 2. e5 Nd5 3. d4 d6 4. Nf3 g6 5. Bc4 Nb6 6. Bb3 Bg7 7. O-O O-O 8.
Qe2 Nc6 9. h3 dxe5 10. dxe5 Nd4 11. Nxd4 Qxd4 12. e6 Bxe6 13. Bxe6 fxe6 14.
Qxe6+ Rf7 15. Nc3 Rf8 16. Qe2 Qc4 17. Qxc4 Nxc4 18. Ne4 Rf5 19. Rb1 Re5 20.
Ng3 Rd5 21. Ne4 Rd4 22. Re1 Rd5 23. b3 Nd6 24. Nxd6 exd6 25. Be3 Re8 26.
Rbd1 Rde5 27. Kf1 Kf7 28. a4 a6 29. Bd2 d5 30. Rxe5 Bxe5 31. Re1 Re6 32. Re3
d4 33. Re4 Bf6 34. Rxe6 Kxe6 35. Ke2 Kd5 36. Kd3 b6 37. g4 c5 38. Ke2 b5 39.
axb5 axb5 40. f4 Ke4 41. Kf2 c4 42. bxc4 bxc4 43. Kg3 Be7 44. g5 Bd6 45. Kg4
d3 46. cxd3+ cxd3 47. h4 Bc5 48. h5 Be3 49. hxg6 hxg6 50. f5 gxf5+
{White resigns}
0-1

[Event "ICCopen2017"]
[Site "Internet Chess Club"]
[Date "2017.03.26"]
[Round "10"]
[White "flashlight"]
[Black "DetectiveStark"]
[Result "0-1"]
[ICCResult "White resigns"]
[WhiteElo "2033"]
[BlackElo "2481"]
[Opening "Levitsky attack (Queen's bishop attack)"]
[ECO "D00"]
[NIC "QP.08"]
[Time "20:52:55"]
[TimeControl "180+0"]

1. d4 d5 2. Bg5 h6 3. Bh4 c6 4. Nf3 Qb6 5. Nbd2 Bf5 6. Qc1 e6 7. c4 Be7 8.
c5 Qd8 9. Bg3 Nf6 10. e3 Nbd7 11. b4 Ne4 12. Nxe4 Bxe4 13. Nd2 Bh7 14. Qc3
O-O 15. Bd3 Bxd3 16. Qxd3 Bf6 17. Bd6 Re8 18. f4 a5 19. b5 b6 20. bxc6 Nxc5
21. Bxc5 bxc5 22. Nf3 Qb6 23. O-O c4 24. Qc2 Qxc6 25. a4 Reb8 26. Rab1 Rb4
27. Ra1 Rab8 28. Qf2 Rb2 29. Qg3 Re2 30. f5 Rbb2 31. Ne1 Bg5 32. Rf3 exf5
33. h4 f4 34. exf4 Bf6 35. Rd1 Qxa4 36. Rc1 Bxd4+ 37. Kh1 Bf2 38. Qg4 Bxe1
39. Qc8+ Qe8 40. Qf5 Bxh4 41. Rh3 Bf6 42. Qxd5 Qe4 43. Qxe4 Rxe4 44. Ra1 c3
45. Rxa5 c2 {White resigns} 0-1

[Event "ICCopen2017"]
[Site "Internet Chess Club"]
[Date "2017.03.26"]
[Round "10"]
[White "MDRAFE3"]
[Black "kamalchandran"]
[Result "1-0"]
[ICCResult "Black resigns"]
[WhiteElo "1959"]
[BlackElo "1794"]
[Opening "King's Indian: fianchetto without c4"]
[ECO "A49"]
[NIC "QP.06"]
[Time "20:53:29"]
[TimeControl "180+0"]

1. d4 Nf6 2. Nf3 g6 3. g3 Bg7 4. Bg2 O-O 5. O-O d6 6. a4 Nc6 7. a5 a6 8. Re1
e5 9. dxe5 Nxe5 10. Nxe5 dxe5 11. Qxd8 Rxd8 12. Nc3 c6 13. Bg5 h6 14. Bxf6
Bxf6 15. Ne4 Be7 16. Red1 Bf5 17. c3 Bxe4 18. Bxe4 Rxd1+ 19. Rxd1 Rd8 20.
Rb1 Rd2 21. Kf1 f5 22. Bd3 e4 23. Ke1 Bg5 24. Bc4+ Kg7 25. h4 Rd6 26. hxg5
hxg5 27. Rd1 Rxd1+ 28. Kxd1 Kf6 29. e3 f4 30. g4 f3 31. Kc2 Ke7 32. Kb3 c5
33. Ka4 Kd6 34. Bf7 Ke5 35. Bxg6 Kd5 36. Kb3 {Black resigns} 1-0

[Event "ICCopen2017"]
[Site "Internet Chess Club"]
[Date "2017.03.26"]
[Round "10"]
[White "tolialuisan"]
[Black "nealbruce"]
[Result "1-0"]
[ICCResult "Black forfeits on time"]
[WhiteElo "1514"]
[BlackElo "1293"]
[Opening "King's gambit"]
[ECO "C30"]
[NIC "KG.05"]
[Time "20:52:49"]
[TimeControl "180+0"]

1. e4 e5 2. f4 d6 3. Nf3 Nc6 4. Bc4 Nf6 5. d3 Be7 6. c3 O-O 7. O-O Be6 8.
Bxe6 fxe6 9. b4 exf4 10. Nbd2 e5 11. d4 exd4 12. cxd4 Kh8 13. Qb3 d5 14. e5
Ne4 15. b5 Nxd4 16. Nxd4 Bc5 17. Nxe4 Bxd4+ 18. Nf2 Bxa1 19. Ba3 Bd4 20.
Bxf8 Qxf8 21. Qxd5 Bxf2+ 22. Rxf2 Rd8 23. Qf3 Rd1+ 24. Qxd1 h6 25. Qd4 Qf7
26. h3 c6 27. bxc6 bxc6 28. Qxf4 Qd5 29. Qf8+ Kh7 30. Qf5+ Kh8 31. e6 Qd1+
32. Kh2 Qd6+ 33. Rf4 g5 34. Qf8+ {Black forfeits on time} 1-0

[Event "ICCopen2017"]
[Site "Internet Chess Club"]
[Date "2017.03.26"]
[Round "10"]
[White "Sebs"]
[Black "Voltage"]
[Result "1-0"]
[ICCResult "Black resigns"]
[WhiteElo "2954"]
[BlackElo "2469"]
[Opening "QGD: 4.Nf3"]
[ECO "D37"]
[NIC "QI.01"]
[Time "20:53:25"]
[TimeControl "180+0"]

1. d4 Nf6 2. c4 e6 3. Nf3 d5 4. Nc3 Nbd7 5. Bf4 dxc4 6. e3 Bb4 7. Bxc4 Nd5
8. O-O Nxf4 9. exf4 O-O 10. a3 Bd6 11. g3 a6 12. Bd3 Nf6 13. Ne5 c5 14. dxc5
Bxc5 15. Qc2 Be7 16. Rfd1 Qc7 17. Rac1 b5 18. Nd5 Nxd5 19. Bxh7+ Kh8 20.
Qxc7 Nxc7 21. Rxc7 Bf6 22. Be4 Bxe5 23. fxe5 Rb8 24. f4 b4 25. axb4 Rxb4 26.
Rxf7 Re8 27. Bc6 Rg8 28. Rd2 Rc4 29. Bf3 a5 30. h4 Ba6 31. Be2 Rc1+ 32. Kf2
Bc8 33. g4 a4 34. h5 Ra1 35. g5 Ra2 36. Bc4 Ra1 37. g6 Rc1 38. Be2 Rh1 39.
Kg2 Rh4 40. Bf3 Ba6 41. Kg3 {Black resigns} 1-0

[Event "ICCopen2017"]
[Site "Internet Chess Club"]
[Date "2017.03.26"]
[Round "10"]
[White "Zipa5"]
[Black "auket40"]
[Result "1-0"]
[ICCResult "Black forfeits on time"]
[WhiteElo "1479"]
[BlackElo "1607"]
[Opening "Réti opening"]
[ECO "A05"]
[NIC "QP.11"]
[Time "20:52:56"]
[TimeControl "180+0"]

1. Nf3 Nf6 2. g3 d6 3. d4 c6 4. Bg2 Nbd7 5. c4 g6 6. O-O Bg7 7. Nc3 O-O 8.
e4 a6 9. e5 Ne8 10. Qe2 Nc7 11. Bf4 Ne6 12. Bd2 dxe5 13. dxe5 Qc7 14. Rfe1
h6 15. Rad1 b5 16. cxb5 axb5 17. Rc1 Ba6 18. Nd5 Qd8 19. Nf4 b4 20. Nxe6
Bxe2 21. Nxd8 Bxf3 22. Bxf3 Nxe5 23. Rxe5 Bxe5 24. Nxc6 {Black forfeits on
time} 1-0

[Event "ICCopen2017"]
[Site "Internet Chess Club"]
[Date "2017.03.26"]
[Round "10"]
[White "tonychess2014"]
[Black "primerpaso"]
[Result "1-0"]
[ICCResult "Black resigns"]
[WhiteElo "1792"]
[BlackElo "1624"]
[Opening "Sicilian: Alapin's variation (2.c3)"]
[ECO "B22"]
[NIC "SI.46"]
[Time "20:53:19"]
[TimeControl "180+0"]

1. e4 c5 2. c3 d5 3. exd5 Qxd5 4. d4 Nf6 5. Nf3 Bg4 6. Be2 e6 7. O-O Be7 8.
h3 Bh5 9. c4 Qd8 10. Be3 cxd4 11. Nxd4 Bxe2 12. Qxe2 O-O 13. Rd1 Qa5 14. Nc3
Nc6 15. Nxc6 bxc6 16. Bd4 Rab8 17. b3 Rbd8 18. Ne4 Qf5 19. Bxf6 Bxf6 20.
Nxf6+ gxf6 21. Qg4+ Qxg4 22. hxg4 Rfe8 23. Kf1 Kf8 24. Ke2 Ke7 25. Ke3 Rxd1
26. Rxd1 Rd8 27. Rxd8 Kxd8 28. Kd4 Kc7 29. Kc5 h6 30. a3 a5 31. b4 axb4 32.
axb4 e5 33. b5 cxb5 34. cxb5 Kb7 35. f3 Kc7 36. b6+ Kb7 37. Kb5 Kb8 38. Kc6
Kc8 39. Kd6 Kb7 40. Ke7 Kxb6 41. Kxf6 e4 42. fxe4 Kc5 43. Kxf7 Kd4 44. Kg6
Kxe4 45. Kxh6 Ke5 46. g5 Ke6 47. Kh7 {Black resigns} 1-0

[Event "ICCopen2017"]
[Site "Internet Chess Club"]
[Date "2017.03.26"]
[Round "10"]
[White "mrneale"]
[Black "blackjack721"]
[Result "0-1"]
[ICCResult "White resigns"]
[WhiteElo "1129"]
[BlackElo "1262"]
[Opening "Sicilian: Alapin's variation (2.c3)"]
[ECO "B22"]
[NIC "SI.46"]
[Time "20:52:51"]
[TimeControl "180+0"]

1. e4 c5 2. c3 e5 3. d4 cxd4 4. cxd4 Nc6 5. d5 Nd4 6. Nf3 Bc5 7. Be3 Qb6 8.
Nxe5 d6 9. Nc4 Bb4+ 10. Nc3 Qc5 11. Bxd4 Bxc3+ 12. bxc3 Qc7 13. Bxg7 Bd7 14.
Bxh8 f6 15. Bg7 O-O-O 16. Be2 Bb5 17. Qb3 Qxg7 18. Qxb5 Qxg2 19. Rf1 Qxe4
20. Rb1 Rd7 21. Qb4 Qxd5 22. Nb6+ axb6 23. Qxb6 Qe4 24. Qa7 Qxb1+ 25. Bd1
Qe4+ 26. Be2 Re7 27. Qa8+ Kd7 28. Qxb7+ Qxb7 {White resigns} 0-1

[Event "ICCopen2017"]
[Site "Internet Chess Club"]
[Date "2017.03.26"]
[Round "10"]
[White "carpedef"]
[Black "AnthonyRaelund"]
[Result "1-0"]
[ICCResult "Black checkmated"]
[WhiteElo "1775"]
[BlackElo "1481"]
[Opening "Sicilian"]
[ECO "B50"]
[NIC "SI.01"]
[Time "20:53:21"]
[TimeControl "180+0"]

1. e4 c5 2. Nf3 d6 3. d3 g6 4. g3 Bg7 5. Bg2 Nf6 6. O-O O-O 7. c3 Nc6 8. Ne1
e5 9. f4 b6 10. f5 h6 11. g4 g5 12. h4 Nh7 13. hxg5 Nxg5 14. Nf3 f6 15. Nh4
Bd7 16. Kf2 Be8 17. Rh1 Bf7 18. Nd2 b5 19. Ndf3 b4 20. Ng6 Bxg6 21. fxg6 Qb6
22. c4 Nd4 23. Nh4 a5 24. Nf5 Nxf5 25. gxf5 a4 26. Qh5 Rfb8 27. Be3 b3 28.
a3 Qa5 29. Rh2 Rb7 30. Rah1 Rab8 31. Bxg5 fxg5 32. Ke2 Qd8 33. Rf1 Qe7 34.
f6 Bxf6 35. Qxh6 Bg7 36. Qh7# {Black checkmated} 1-0

[Event "ICCopen2017"]
[Site "Internet Chess Club"]
[Date "2017.03.26"]
[Round "10"]
[White "alan2015"]
[Black "fiveknights"]
[Result "1-0"]
[ICCResult "Black forfeits on time"]
[WhiteElo "1616"]
[BlackElo "1693"]
[Opening "Scandinavian: Icelandic gambit"]
[ECO "B01"]
[NIC "SD.03"]
[Time "20:52:27"]
[TimeControl "180+0"]

1. e4 d5 2. exd5 Nf6 3. c4 e6 4. d4 exd5 5. Nc3 c6 6. Nf3 Be7 7. Bf4 O-O 8.
h3 Re8 9. Be2 dxc4 10. Bxc4 Bd6+ 11. Be3 b5 12. Bb3 b4 13. Ne2 Nd5 14. Bxd5
cxd5 15. O-O Ba6 16. Re1 Nd7 17. Qb3 Bc4 18. Qc2 Nf6 19. b3 Bb5 20. Nf4 Rc8
21. Qb2 Ne4 22. Nxd5 Bh2+ 23. Kxh2 Qxd5 24. a3 a5 25. axb4 axb4 26. Ra7 Bd3
27. Ne5 Nd6 28. Nxd3 Nf5 29. Ne5 Nxe3 30. Rxe3 Qd6 31. g3 f6 32. Nc4 Qb8 33.
Rae7 Rxe7 34. Rxe7 Re8 35. Qe2 Rxe7 36. Qxe7 Qb5 37. Nd6 Qc6 38. Qf7+
{Black forfeits on time}
1-0

[Event "ICCopen2017"]
[Site "Internet Chess Club"]
[Date "2017.03.26"]
[Round "10"]
[White "Sc6"]
[Black "kaimann"]
[Result "0-1"]
[ICCResult "White forfeits on time"]
[WhiteElo "1675"]
[BlackElo "1937"]
[Opening "Alekhine's defense: two pawns' (Lasker's) attack"]
[ECO "B02"]
[NIC "AL.10"]
[Time "20:52:14"]
[TimeControl "180+0"]

1. e4 Nf6 2. e5 Nd5 3. c4 Nb6 4. c5 Nd5 5. Nc3 c6 6. Bc4 Nxc3 7. bxc3 d5 8.
cxd6 exd6 9. Qe2 Be7 10. Nf3 O-O 11. d4 Bg4 12. Qe4 Bxf3 13. Qxf3 dxe5 14.
dxe5 Nd7 15. Bf4 Nb6 16. Bb3 Nd5 17. Rd1 Qa5 18. Bd2 Nc7 19. O-O Qxe5 20.
Rfe1 Qf6 21. Bf4 Ne6 22. g3 Nxf4 23. Qxf4 Qxf4 24. gxf4 Bf6 25. c4 Rad8 26.
Kg2 c5 27. Rd5 b6 28. Red1 Bd4 29. Kf3 Rfe8 30. Rxd8 Rxd8 31. Re1 Kf8 32.
Re4 Rd6 33. f5 Rh6 34. h4 Rf6 35. Kg4 Bxf2 36. Ba4 g6 37. fxg6 hxg6 38. Bd7
Rd6 39. Bc8 Rd4 40. Rxd4 cxd4 41. Bb7 Kg7 42. h5 f5+ 43. Kf3 Be3 44. hxg6
Kxg6 45. Bd5 Kf6 46. Bg8 Ke5 47. Bh7 f4 48. Bd3 Kd6 49. Ke4 Kc5 50. Bc2 Kxc4
51. Bb3+ Kc3 52. Ba4 d3 53. Kf3 a6 54. Bd1 b5 55. Bb3 a5 56. Bd1 a4 57. Kg2
Kd2 58. Bf3 Ke1 59. Be4 d2 60. Bc6 d1=Q 61. Bxb5 f3+ 62. Kg3 f2 63. a3 f1=Q
64. Bxf1 Kxf1 {White forfeits on time} 0-1

[Event "ICCopen2017"]
[Site "Internet Chess Club"]
[Date "2017.03.26"]
[Round "10"]
[White "weakfish"]
[Black "justlucky"]
[Result "1-0"]
[ICCResult "Black forfeits on time"]
[WhiteElo "1271"]
[BlackElo "1174"]
[Opening "Alekhine's defense: four pawns attack, fianchetto variation"]
[ECO "B03"]
[NIC "AL.07"]
[Time "20:52:28"]
[TimeControl "180+0"]

1. e4 Nf6 2. e5 Nd5 3. d4 d6 4. c4 Nb6 5. f4 g6 6. Nc3 Bg7 7. Be3 Be6 8. d5
Bc8 9. Bxb6 axb6 10. Nf3 Bg4 11. Be2 dxe5 12. fxe5 O-O 13. O-O c6 14. h3 Bf5
15. Qd4 cxd5 16. Qxd5 Nc6 17. Rad1 Qc7 18. Qd2 Nxe5 19. Nxe5 Bxe5 20. Qg5 h6
21. Qxh6 Bh2+ 22. Kh1 Be5 23. Nd5 Qc5 24. b4 Qd6 25. Nf4 Bg7 26. Qg5 f6 27.
Qg3 Qxb4 28. Nxg6 Rf7 29. Nh4 Bc2 30. Rd7 {Black forfeits on time} 1-0

[Event "ICCopen2017"]
[Site "Internet Chess Club"]
[Date "2017.03.26"]
[Round "10"]
[White "applepear"]
[Black "KnightWalker"]
[Result "0-1"]
[ICCResult "White forfeits on time"]
[WhiteElo "1050"]
[BlackElo "1323"]
[Opening "Sicilian"]
[ECO "B56"]
[NIC "SI.25"]
[Time "20:52:19"]
[TimeControl "180+0"]

1. e4 c5 2. Nf3 d6 3. d4 cxd4 4. Nxd4 Nc6 5. Nc3 Nf6 6. Bb5 Bd7 7. Bxc6 bxc6
8. O-O e5 9. Nf3 Be7 10. Re1 O-O 11. a4 Rb8 12. b3 Qa5 13. Bb2 Rfd8 14. Qd2
Be6 15. Ng5 Bd7 16. Nf3 h6 17. Rab1 Qc7 18. Ba3 Be6 19. Red1 Kh8 20. Kh1 Nh5
21. Ne2 Nf6 22. Nc3 Rd7 23. Kg1 Rbd8 24. Kh1 d5 25. Bxe7 Rxe7 26. exd5 cxd5
27. Re1 Nd7 28. Nb5 Qb6 29. Nxe5 Nxe5 30. Rxe5 a6 31. Nc3 Red7 32. Rbe1 d4
33. Ne4 Qc7 34. Ng3 Rd5 35. Rxd5 Rxd5 36. Re2 Qb6 37. Ne4 Bf5 38. Ng3 Bg6
39. Nf1 Kh7 {White forfeits on time} 0-1

[Event "ICCopen2017"]
[Site "Internet Chess Club"]
[Date "2017.03.26"]
[Round "10"]
[White "soyleyenda"]
[Black "manitodeplomo"]
[Result "0-1"]
[ICCResult "White checkmated"]
[WhiteElo "1656"]
[BlackElo "2351"]
[Opening "Sicilian defense"]
[ECO "B40"]
[NIC "SI.43"]
[Time "20:52:47"]
[TimeControl "180+0"]

1. e4 c5 2. Nf3 e6 3. d3 b6 4. g3 Bb7 5. Bg2 d6 6. O-O Nd7 7. c3 Ngf6 8. Re1
Be7 9. Qe2 O-O 10. Nbd2 Rc8 11. a4 a6 12. Nc4 b5 13. Ne3 Qc7 14. axb5 axb5
15. h4 c4 16. dxc4 bxc4 17. Nd2 Nb6 18. Ra7 Ra8 19. Rxb7 Qxb7 20. e5 Nfd5
21. Nxd5 exd5 22. e6 Bf6 23. exf7+ Qxf7 24. Qg4 Rae8 25. Rxe8 Rxe8 26. Nf3
Re4 27. Qf5 g6 28. Qh3 Qe6 29. Bf4 Kf7 30. Ng5+ Bxg5 31. Bxg5 Qxh3 32. Bxh3
Re2 33. Bd8 Rxb2 34. Bc7 d4 35. cxd4 c3 36. Bxd6 c2 37. Bf4 Nd5 38. Bd2 Rb1+
39. Kg2 Rd1 40. Bh6 g5 41. Bxg5 Kg6 42. Bg4 h6 43. Bxd1 cxd1=Q 44. Bd8 Qxd4
45. Ba5 h5 46. Be1 Kf5 47. f3 Ne3+ 48. Kh3 Qd5 49. f4 Qh1# {White
checkmated} 0-1

[Event "ICCopen2017"]
[Site "Internet Chess Club"]
[Date "2017.03.26"]
[Round "10"]
[White "DaffyDuck"]
[Black "Koval"]
[Result "1-0"]
[ICCResult "Black resigns"]
[WhiteElo "1772"]
[BlackElo "1941"]
[Opening "Réti opening"]
[ECO "A04"]
[NIC "QP.10"]
[Time "20:53:04"]
[TimeControl "180+0"]

1. Nf3 c5 2. b3 Nf6 3. Bb2 e6 4. c4 b6 5. g3 Bb7 6. Bg2 d5 7. cxd5 exd5 8.
d4 Nbd7 9. O-O Bd6 10. Nc3 Rc8 11. Nb5 Bb8 12. dxc5 bxc5 13. Rc1 a6 14. Nc3
O-O 15. Re1 Re8 16. h3 d4 17. Na4 Qa5 18. Qd2 Qb5 19. Bf1 Ne4 20. Qc2 Bd6
21. e3 Qc6 22. exd4 Nxg3 23. Bg2 Nf5 24. dxc5 Bf4 25. Rcd1 Rxe1+ 26. Rxe1
Qg6 27. Nh4 Nxh4 28. Qxg6 hxg6 29. Bxb7 Rb8 30. c6 Nf6 31. Rd1 Kf8 32. Ba3+
Ke8 33. Nc5 Nf3+ 34. Kg2 Nh4+ 35. Kf1 Nf5 36. Nxa6 Ne4 37. Nxb8 Bxb8 38. Re1
{Black resigns}
1-0

[Event "ICCopen2017"]
[Site "Internet Chess Club"]
[Date "2017.03.26"]
[Round "10"]
[White "rotyi59"]
[Black "oli2"]
[Result "0-1"]
[ICCResult "White resigns"]
[WhiteElo "1562"]
[BlackElo "1685"]
[Opening "Sicilian defense"]
[ECO "B40"]
[NIC "SI.43"]
[Time "20:52:41"]
[TimeControl "180+0"]

1. e4 c5 2. Nf3 e6 3. Nc3 Nc6 4. Bb5 Nge7 5. Bxc6 Nxc6 6. d4 cxd4 7. Nxd4
Bc5 8. Nxc6 bxc6 9. Qe2 a5 10. Be3 Bb4 11. Bd2 O-O 12. a3 Be7 13. O-O Ba6
14. Qe3 Bxf1 15. Rxf1 Rb8 16. Nd1 Qb6 17. Qxb6 Rxb6 18. a4 Bb4 19. c3 Be7
20. f4 d5 21. Re1 Bc5+ 22. Kf1 Rd8 23. exd5 Rxd5 24. Bc1 Rb8 25. Ke2 Rbd8
26. Ne3 Bxe3 27. Kxe3 Rd1 28. Ke2 Rxe1+ 29. Kxe1 f6 30. Be3 Kf7 31. Ke2 Rb8
32. Bc1 e5 33. fxe5 fxe5 34. Ke3 Ke6 35. Ke4 Rf8 36. Be3 Rf1 37. Bb6 Rb1 38.
Bxa5 Rxb2 39. Kf3 Ra2 40. Bb4 Rxa4 41. g3 Kd5 42. h4 c5 43. c4+ Kxc4 44. Bd2
Kd3 45. Bg5 h6 46. Be7 e4+ 47. Kg4 e3+ 48. Kh5 e2 49. Bxc5 e1=Q 50. Bd6 Ra5+
51. Kg6 Qe6+ {White resigns} 0-1

[Event "ICCopen2017"]
[Site "Internet Chess Club"]
[Date "2017.03.26"]
[Round "10"]
[White "lestri"]
[Black "DementedMonkey"]
[Result "1-0"]
[ICCResult "Black resigns"]
[WhiteElo "2564"]
[BlackElo "2250"]
[Opening "English: Neo-Catalan declined"]
[ECO "A14"]
[NIC "RE.11"]
[Time "20:54:15"]
[TimeControl "180+0"]

1. c4 e6 2. Nf3 d5 3. g3 Nf6 4. Bg2 Be7 5. O-O O-O 6. Qc2 c5 7. cxd5 exd5 8.
d4 c4 9. Nc3 b6 10. Ne5 Bb7 11. Nxc4 Nc6 12. Ne3 Nxd4 13. Qd1 Ne6 14. Nexd5
Nxd5 15. Nxd5 Bxd5 16. Bxd5 Rc8 17. Be3 Bf6 18. Rb1 Nc5 19. b4 Nd7 20. Qa4
a5 21. a3 Ne5 22. Rfd1 Qe7 23. Bxb6 axb4 24. axb4 Nc4 25. Bc5 Qxe2 26. Qb5
{Black resigns}
1-0

[Event "ICCopen2017"]
[Site "Internet Chess Club"]
[Date "2017.03.26"]
[Round "10"]
[White "Athena2020"]
[Black "DukeBishop"]
[Result "0-1"]
[ICCResult "White forfeits on time"]
[WhiteElo "1133"]
[BlackElo "1552"]
[Opening "Queen's Indian: 4.Nc3"]
[ECO "E12"]
[NIC "QI.02"]
[Time "20:52:38"]
[TimeControl "180+0"]

1. d4 Nf6 2. c4 e6 3. Nf3 b6 4. Nc3 Bb7 5. e3 d5 6. cxd5 exd5 7. Bd3 Nbd7 8.
O-O Be7 9. Qc2 O-O 10. Re1 c5 11. Qe2 Re8 12. Bd2 a6 13. Rac1 Nf8 14. Bb1
Ne6 15. Ne5 cxd4 16. exd4 Nxd4 17. Qd3 Ne6 18. g4 d4 19. Ne4 Nxe4 20. Rxe4
g6 21. Ree1 Bg5 22. Bxg5 Qxg5 23. h3 Rac8 24. Rxc8 Rxc8 25. Nf3 Qf4 26. Ne5
Rc1 27. Rxc1 Qxc1+ 28. Kh2 Qh1+ {White forfeits on time} 0-1

[Event "ICCopen2017"]
[Site "Internet Chess Club"]
[Date "2017.03.26"]
[Round "10"]
[White "volver"]
[Black "sanguine"]
[Result "1-0"]
[ICCResult "Black forfeits on time"]
[WhiteElo "1434"]
[BlackElo "1067"]
[Opening "Queen's pawn game, Chigorin variation"]
[ECO "D02"]
[NIC "QP.08"]
[Time "20:52:22"]
[TimeControl "180+0"]

1. d4 d5 2. Nf3 Nc6 3. e3 e5 4. dxe5 Be6 5. Bb5 Bb4+ 6. c3 Bc5 7. Nd4 Qg5 8.
O-O Bh3 9. Qf3 Bg4 10. Qg3 Nh6 11. f4 Qg6 12. Nd2 Bxd4 13. exd4 Nf5 14. Qf2
O-O 15. Nf3 Nh6 16. Nh4 Qh5 17. g3 Bh3 18. Re1 Ng4 19. Qe2 Ne7 20. Bd3 f5
21. exf6 Rxf6 22. Qxe7 Raf8 23. Qd7 Nf2 24. Kxf2 Bxd7 25. Bd2 Bg4 26. Re7 g5
27. Ng2 gxf4 28. Bxf4 Rxf4+ 29. Nxf4 Rxf4+ 30. gxf4 Qxh2+ 31. Ke3 Qg3+ 32.
Kd2 Qxf4+ 33. Kc2 Qf2+ 34. Kb3 Qf6 35. Rae1 Qb6+ 36. Kc2 Qa5 37. Bxh7+ Kh8
38. Bd3 Qa4+ 39. Kb1 Bd1 40. Rf1 {Black forfeits on time} 1-0

[Event "ICCopen2017"]
[Site "Internet Chess Club"]
[Date "2017.03.26"]
[Round "10"]
[White "ALexiz"]
[Black "Speiretti"]
[Result "1-0"]
[ICCResult "Black checkmated"]
[WhiteElo "1716"]
[BlackElo "1868"]
[Opening "Queen's pawn: London system"]
[ECO "A45"]
[NIC "QP.07"]
[Time "20:52:59"]
[TimeControl "180+0"]

1. d4 Nf6 2. Bf4 d5 3. e3 e6 4. Bd3 Bd6 5. Bxd6 Qxd6 6. c3 c5 7. f4 Nc6 8.
a3 b6 9. Nh3 Bb7 10. Nd2 O-O 11. Qf3 Ne7 12. O-O Rac8 13. g4 Nd7 14. Bxh7+
Kxh7 15. Ng5+ Kg8 16. Qh3 Rfd8 17. Qh7+ Kf8 18. Ndf3 Nf6 19. Qh8+ Neg8 20.
Ne5 Rc7 21. Nh7+ Nxh7 22. Qxh7 cxd4 23. exd4 Qe7 24. g5 Ba6 25. Rf3 Rdc8 26.
h4 Qd6 27. f5 exf5 28. Rxf5 Re7 29. Ng6+ Ke8 30. Nxe7 Nxe7 31. Re5 Kd7 32.
Qxg7 Ng6 33. Qxf7+ Kc6 34. Re6 Rd8 35. Qxg6 Bc8 36. Rxd6+ Rxd6 37. Qd3 a5
38. g6 Rf6 39. g7 Bf5 40. g8=Q Bxd3 41. Re1 Rg6+ 42. Qxg6+ Bxg6 43. Re6+ Kb5
44. Rxg6 a4 45. h5 Kc4 46. h6 b5 47. h7 Kb3 48. h8=Q b4 49. Qb8 Kxb2 50.
Qxb4+ Ka2 51. Rg2+ Ka1 52. Qb2# {Black checkmated} 1-0

[Event "ICCopen2017"]
[Site "Internet Chess Club"]
[Date "2017.03.26"]
[Round "10"]
[White "manusupergm2001"]
[Black "garompon"]
[Result "1-0"]
[ICCResult "Black resigns"]
[WhiteElo "2159"]
[BlackElo "2567"]
[Opening "Nimzovich-Larsen attack: classical variation"]
[ECO "A01"]
[NIC "VO.08"]
[Time "20:53:32"]
[TimeControl "180+0"]

1. b3 d5 2. Bb2 Bg4 3. Nf3 c6 4. Ne5 Bh5 5. g4 Bg6 6. h4 f6 7. Nxg6 hxg6 8.
e3 e6 9. Nc3 Nd7 10. Ne2 Bd6 11. Nd4 Kf7 12. Qf3 Ne7 13. O-O-O e5 14. Ne2
Qa5 15. Kb1 Ba3 16. Bc3 Bb4 17. Bb2 Bxd2 18. c3 e4 19. Qg3 Bxe3 20. fxe3 Ne5
21. Nd4 c5 22. Nc2 Qb6 23. Be2 c4 24. Rhf1 Nd3 25. Bxd3 cxd3 26. Nd4 a5 27.
g5 f5 28. Qe5 a4 29. c4 axb3 30. axb3 dxc4 31. Nxf5 gxf5 32. Qxg7+ Ke8 33.
Qxh8+ Kd7 34. Qxa8 Qxb3 35. Qa3 Qc2+ 36. Ka1 Nd5 37. Qa5 Kc6 38. Rc1 Qb3 39.
Qa3 Qxa3+ 40. Bxa3 Nxe3 41. g6 Nxf1 42. g7 d2 43. Rxf1 e3 44. g8=Q e2 45.
Qxc4+ Kb6 46. Rb1+ Ka7 47. Qc5+ {Black resigns} 1-0